 Dungeon Crawl Stone Soup version 0.26-a0-43-g20b394cb32 (console) character file.

Game seed: 5719638824705060129

251331 Kagalorn the Warrior (level 20, 0/134 HPs)
             Began as a Gargoyle Fighter on June 1, 2020.
             Was a High Priest of the Shining One.
             Killed from afar by a fire dragon (18 damage)
             ... with a blast of flame
             ... on level 3 of the Depths on June 2, 2020.
             The game lasted 02:22:04 (53458 turns).

Kagalorn the Warrior (Gargoyle Fighter)            Turns: 53458, Time: 02:22:05

Health: 0/134      AC: 42    Str: 28    XL:     20   Next: 45%
Magic:  27/32      EV: 13    Int: 14    God:    the Shining One [*****.]
Gold:   2515       SH: 14    Dex:  9    Spells: 19/19 levels left

rFire    + . .     SeeInvis +   a - +2 double sword
rCold    . . .     Gourm    .   c - +0 kite shield
rNeg     + + +     Faith    .   k - +1 chain mail {MR+}
rPois    ∞         Spirit   .   T - +0 helmet {SInv}
rElec    +         Reflect  .   l - +1 cloak
rCorr    .         Harm     .   M - +2 pair of gloves
MR       +++..     NoCast   +   Y - +2 pair of boots of Zin's Approval {-Cast rPois Str+4}
Stlth    ..........             (no amulet)
HPRegen  0.32/turn              C - ring of protection from fire
MPRegen  0.23/turn              L - ring of protection from magic

@: flying, glowing, studying Shields
A: big wings, negative energy resistance 1, electricity resistance, unbreathing,
petrification resistance, rot immunity, AC +15
a: Stop Flying, Divine Shield, Cleansing Flame, Summon Divine Warrior, Renounce
Religion


You were on level 3 of the Depths.
You worshipped the Shining One.
The Shining One was extremely pleased with you.
You were hungry.

You visited 6 branches of the dungeon, and saw 31 of its levels.
You visited the Abyss 1 time.
You also visited: Ossuary and Ice Cave.

You collected 3114 gold pieces.
You spent 599 gold pieces at shops.

Inventory:

Hand Weapons
 a - a +2 double sword (weapon)
 b - a +2 scimitar of flaming
Missiles
 s - 31 javelins (quivered)
 Z - 14 silver javelins
Armour
 c - a +0 kite shield (worn)
 k - a +1 chain mail of magic resistance (worn)
 l - a +1 cloak (worn)
 M - a +2 pair of gloves (worn)
 R - +0 fire dragon scales
 T - a +0 helmet of see invisible (worn)
 Y - the +2 pair of boots of Zin's Approval (worn) {-Cast rPois Str+4}
   (You bought it in a shop on level 2 of the Orcish Mines)

   It affects your strength (+4).
   It protects you from poison.
   It prevents spellcasting.
Jewellery
 e - an uncursed ring of protection from cold
 C - a ring of protection from fire (left hand)
 F - the ring "Herph" {Fire Int+2 Dex+4}
   (You found it on level 8 of the Dungeon)

   [ring of fire]

   It enhances your fire magic.
   It affects your intelligence (+2).
   It affects your dexterity (+4).
   It protects you from fire.
   It makes you vulnerable to cold.
 G - an uncursed ring of protection from cold
 L - a ring of protection from magic (right hand)
 Q - a +4 ring of protection
 X - an uncursed ring of protection from fire
Wands
 D - a wand of paralysis (15)
 H - a wand of acid (49)
 S - a wand of iceblast (14)
Scrolls
 g - 17 scrolls of remove curse
 m - 9 scrolls of teleportation
 p - 2 scrolls of enchant weapon
 t - 6 scrolls of fog
 u - 3 scrolls of blinking
 v - 3 scrolls of summoning
 x - 6 scrolls of fear
 y - a scroll of magic mapping
 J - 5 scrolls of enchant armour
 U - a scroll of brand weapon {unknown}
 W - 8 scrolls of identify
Potions
 d - 2 potions of might
 h - 5 potions of stabbing
 i - 3 potions of heal wounds
 j - 5 potions of flight
 n - 3 potions of magic
 o - 5 potions of brilliance
 q - 17 potions of curing
 r - 7 potions of berserk rage
 w - 2 potions of haste
 z - 7 potions of cancellation
 A - 3 potions of resistance
 E - 2 potions of lignification
 I - 2 potions of mutation
 V - a potion of ambrosia
Books
 B - a manual of Shields
Miscellaneous
 K - a phial of floods
 O - a phantom mirror
 P - a box of beasts
Comestibles
 f - 19 rations
 N - a chunk of flesh


   Skills:
 + Level 17.4 Fighting
 - Level 16.0 Long Blades
 + Level 17.2 Armour
 - Level 10.0 Dodging
 - Level 15.0 Shields
 * Level 17.2 Invocations


You had 19 spell levels left.
You didn't know any spells.
Your spell library contained the following spells:

 Spells                   Type           Power        Failure   Level  Hunger
 Animate Skeleton         Necr           N/A          67%         1    ##.....
 Apportation              Tloc           #.....       67%         1    ##.....
 Beastly Appendage        Tmut           #.....       67%         1    ##.....
 Corona                   Hex            #......      67%         1    ##.....
 Freeze                   Ice            #...         67%         1    ##.....
 Infusion                 Chrm           #...         67%         1    ##.....
 Magic Dart               Conj           #...         67%         1    ##.....
 Shock                    Conj/Air       #...         67%         1    ##.....
 Summon Butterflies       Summ           #.......     67%         1    ##.....
 Summon Small Mammal      Summ           #...         67%         1    ##.....
 Blink                    Tloc           N/A          80%         2    ###....
 Call Imp                 Summ           #.......     80%         2    ###....
 Ensorcelled Hibernation  Hex/Ice        #.....       80%         2    ###....
 Searing Ray              Conj           #.....       80%         2    ###....
 Shroud of Golubria       Chrm/Tloc      #.....       80%         2    ###....
 Slow                     Hex            #.......     80%         2    ###....
 Song of Slaying          Chrm           #.......     80%         2    ###....
 Sticks to Snakes         Tmut           #.......     80%         2    ###....
 Swiftness                Chrm/Air       #.......     80%         2    ###....
 Call Canine Familiar     Summ           #.......     95%         3    ####...
 Confusing Touch          Hex            #.......     95%         3    ####...
 Conjure Flame            Conj/Fire      #.......     95%         3    ####...
 Dazzling Flash           Conj/Hex       #.....       95%         3    ####...
 Frozen Ramparts          Ice            #.....       95%         3    ####...
 Ignite Poison            Fire/Tmut/Pois #.......     95%         3    ####...
 Inner Flame              Hex/Fire       #.......     95%         3    ####...
 Lesser Beckoning         Tloc           #.........   95%         3    ####...
 Mephitic Cloud           Conj/Pois/Air  #.......     95%         3    ####...
 Ozocubu's Armour         Chrm/Ice       #.......     95%         3    ####...
 Portal Projectile        Hex/Tloc       #.....       95%         3    ####...
 Spectral Weapon          Hex/Chrm       #.......     95%         3    ####...
 Static Discharge         Conj/Air       #.......     95%         3    ####...
 Stone Arrow              Conj/Erth      #.....       95%         3    ####...
 Tukima's Dance           Hex            #.......     95%         3    ####...
 Airstrike                Air            #.........   100%        4    #####..
 Cause Fear               Hex            #.........   100%        4    #####..
 Fulminant Prism          Conj/Hex       #.........   100%        4    #####..
 Hailstorm                Conj/Ice       #.......     100%        4    #####..
 Iskenderun's Mystic Bla  Conj/Tloc      #.......     100%        4    #####..
 Leda's Liquefaction      Hex/Erth       #.........   100%        4    #####..
 Petrify                  Tmut/Erth      #.......     100%        4    #####..
 Summon Ice Beast         Ice/Summ       #.......     100%        4    #####..
 Summon Lightning Spire   Summ/Air       #.......     100%        4    #####..
 Alistair's Intoxication  Tmut/Pois      #.......     100%        5    ######.
 Bolt of Magma            Conj/Fire/Erth #.........   100%        5    ######.
 Irradiate                Conj/Tmut      #.........   100%        5    ######.
 Lightning Bolt           Conj/Air       #.........   100%        5    ######.
 Silence                  Hex/Air        #.........   100%        5    ######.
 Summon Mana Viper        Hex/Summ       #.......     100%        5    ######.
 Conjure Ball Lightning   Conj/Air       #.........   100%        6    #######
 Eringya's Noxious Bog    Tmut/Pois      #.........   100%        6    #######
 Invisibility             Hex            #.......     100%        6    #######
 Malign Gateway           Summ/Tloc      #.........   100%        7    #######
 Monstrous Menagerie      Summ           #.........   100%        7    #######
 Summon Greater Demon     Summ           #.........   100%        7    #######
 Summon Hydra             Summ           #.........   100%        7    #######
 Summon Horrible Things   Summ           #.........   100%        8    #######
 Tornado                  Air            #.........   100%        9    #######
 Sublimation of Blood     Necr           Unusable     N/A         2    N/A

Dungeon Overview and Level Annotations

Branches:
Dungeon (15/15)            Temple (1/1) D:4            Lair (6/6) D:8
 Shoals (0/4) Lair:2       Spider (0/4) Lair:3        Slime (0/5) Lair:6
    Orc (2/2) D:12            Elf (3/3) Orc:2        Vaults (0/5) D:14
 Depths (4/5) D:15        Ossuary (visited)           IceCv (visited)

Altars:
Ashenzari
Cheibriados
Dithmenos
Elyvilon
Fedhas
Gozag
Hepliaklqana
Kikubaaqudgha
Makhleb
Nemelex Xobeh
Okawaru
Qazlal
Ru
Sif Muna
Trog
Uskayaw
Vehumet
Wu Jian
Xom
Yredelemnul
Zin
The Shining One
Beogh

Shops:
D:4 [*[   D:12 *   D:13 (   Orc:2 :(=[*   Elf:2 =   Depths:1 =

Portals:
Hell: Depths:1 Depths:2
Abyss: Depths:2
Pandemonium: Depths:3

Annotations:
D:15 1 exclusion
Lair:2 1 exclusion
Lair:6 exclusion: oklob plant
Elf:1 1 exclusion


Innate Abilities, Weirdness & Mutations

You are resistant to torment.
Your stone body is resilient. (AC +15)
You are immune to poison.
Your large and strong wings let you fly indefinitely.
You resist negative energy. (rN+)
You are resistant to electric shocks. (rElec)
You can survive without breathing.
You are immune to petrification.
You are immune to rotting.


Message History

The stone giant dies!
The ice dragon breathes frost at you. The blast of cold hits your daeva!!
The blast of cold hits you!
* * * LOW HITPOINT WARNING * * *
Your daeva hits the ice dragon with a +4 scimitar of holy wrath!
Your daeva hits the ice dragon with a +4 scimitar of holy wrath.
The fire dragon breathes flames at you. The blast of flame hits you!
You resist.
* * * LOW HITPOINT WARNING * * *
Your daeva blocks the ice dragon's attack. x3
Your daeva calls down the wrath of the Shining One upon the ice dragon.
The ice dragon is smitten.
Your daeva blocks the ice dragon's attack. x2
The ice dragon tramples your daeva!
Your daeva is shoved backwards!
Your daeva calls down the wrath of the Shining One upon the ice dragon.
The ice dragon is smitten.
Your daeva hits the ice dragon with a +4 scimitar of holy wrath. x2
The fire dragon breathes flames at you. The blast of flame hits you!!
You resist.
You die...

#......##.##
#......##..# ####
#......###.# ##..##
#.......##[###..###
#.......##..#..######
#.......###...########
..#...
#.......###..#######.#
...#.
#.............#####..#
.....
#.............@###..##
...(
#...........^...#..##
.S.D
#...(...#####.....##
#..# #..(....# ##..D##
#''# ##)(.....#
###AD## ###''#
#.)......# ##((##
###.DD.> #.########
##C†####.C(#### ##.#
##..#..S### ...#
##...###


You could see a frost giant, a fire dragon (catching breath), an ice dragon, a
+0 broad axe of flaming and a friendly daeva (summoned).

Vanquished Creatures
  An ancient lich (Depths:2)
  Margery (Depths:2)
  2 caustic shrikes (Depths:2)
  Saint Roka (Orc:2)
  A golden dragon (Depths:2)
  A tentacled monstrosity (Depths:2)
  2 deep elf master archers
  A deep elf blademaster (Elf:3)
  2 liches (Depths:2)
  3 sphinxes (Depths:2)
  A tengu reaver (Depths:2)
  An iron dragon (Depths:2)
  An orc warlord (Orc:2)
  3 frost giants
  8 deep elf sorcerers
  2 fire giants
  Aizul (Depths:3)
  6 deep elf elementalists
  3 stone giants
  A caustic shrike skeleton (Depths:2)
  11 very ugly things
  2 entropy weavers (Depths:2)
  4 deep elf demonologists
  A vampire knight (Depths:1)
  8 deep elf annihilators
  6 spark wasps
  A merfolk javelineer (Depths:1)
  A dire elephant (D:15)
  3 deep elf death magi (Elf:3)
  4 ettins
  2 deep elf high priests (Elf:3)
  8 fire dragons
  A jiangshi (Depths:2)
  5 ogre magi
  4 hydras
  An ice dragon (Depths:1)
  3 great orbs of eyes
  A spriggan air mage (Depths:2)
  A rakshasa (Depths:2)
  6 centaur warriors
  A catoblepas (D:14)
  3 deep troll shamans
  3 tengu warriors
  3 death yaks
  17 dancing weapons
  6 deep troll earth magi
  An orc high priest (Orc:2)
  2 two-headed ogres (D:15)
  2 vampire magi (Depths:2)
  5 hell knights
  A spriggan berserker (Depths:2)
  A spriggan (Depths:2)
  15 deep elf knights
  A fire crab (Lair:6)
  An iron troll (shapeshifter) (Depths:2)
  2 unseen horrors (D:14)
  An unseen horror (shapeshifter) (Depths:2)
  8 deep trolls
  3 wizards
  2 glowing orange brains (Depths:2)
  6 necromancers
  17 deep elf archers
  3 orc knights
  Pikel (D:3)
  A mana viper (shapeshifter) (Depths:2)
  A wolf spider zombie (D:15)
  3 orc sorcerers
  A manticore (D:13)
  16 ugly things
  An oklob plant (Lair:5)
  A salamander (D:15)
  4 cyclopes
  14 elephants
  53 deep elf magi
  2 molten gargoyles (Lair:6)
  9 black mambas
  4 centaur zombies
  4 centaur skeletons
  A torpor snail (Lair:6)
  2 gargoyles (D:14)
  3 rime drakes
  5 spiny frogs
  A kobold demonologist (D:14)
  A komodo dragon (shapeshifter) (Depths:2)
  15 yaktaurs
  A yaktaur (shapeshifter) (Depths:2)
  9 komodo dragons
  A merfolk (shapeshifter) (Depths:2)
  2 tengu conjurers
  A merfolk (D:13)
  12 polar bears (IceCv)
  9 trolls
  A hornet (shapeshifter) (Depths:2)
  3 hornets
  A wolf spider simulacrum (D:12)
  A blink frog (shapeshifter) (Depths:1)
  6 dream sheep (Lair:6)
  21 slime creatures
  A wind drake (shapeshifter) (D:13)
  8 hippogriffs
  17 blink frogs
  2 shadows
  Eustachio (D:5)
  A vampire (D:14)
  An air elemental (Elf:1)
  3 wyverns
  3 fire elementals
  A wraith (D:14)
  9 water elementals
  51 yaks
  A golden eye (shapeshifter) (Depths:2)
  3 basilisks
  3 wargs
  5 insubstantial wisps (Abyss:2)
  An acid dragon (shapeshifter) (Depths:2)
  7 water moccasins
  4 hell hounds (Lair:6)
  4 porcupines
  A soldier ant (D:11)
  4 sky beasts
  7 ice beasts
  28 orc warriors
  2 phantoms
  13 ogres
  62 wolves
  An eye of draining (D:12)
  16 centaurs
  5 boggarts
  9 crocodiles
  6 big kobolds
  Blork the orc (Orc:2)
  An earth elemental (Elf:3)
  12 bullfrogs
  A scorpion (D:11)
  A water moccasin skeleton (D:8)
  23 killer bees
  7 wights
  4 howler monkeys
  An electric eel (Lair:5)
  8 crimson imps
  2 quasits
  4 lava snakes (Lair:6)
  4 bullfrog zombies
  9 hounds
  5 jellies
  A bullfrog skeleton (D:13)
  23 orc priests
  Crazy Yiuf (D:2)
  Terence (D:1)
  2 iguanas
  22 orc wizards
  7 worker ants
  7 big kobold zombies (Ossuary)
  2 hound zombies
  A mummy (Ossuary)
  9 gnolls
  8 adders
  2 shadow imps
  3 oozes
  2 adder zombies
  An adder skeleton (D:7)
  3 worms
  2 dart slugs
  7 leopard geckos
  73 orcs
  2 spectral bats (Ossuary)
  8 bats
  3 giant cockroaches
  5 gnoll zombies (Ossuary)
  7 goblins
  5 hobgoblins
  8 jackals
  25 kobolds
  2 quokkas
  4 bat simulacra (Ossuary)
  7 frilled lizards
  3 goblin simulacra (Ossuary)
  6 goblin zombies (Ossuary)
  4 hobgoblin zombies (Ossuary)
  4 kobold simulacra (Ossuary)
  4 kobold zombies (Ossuary)
  A leopard gecko skeleton (D:4)
  4 orc zombies (Ossuary)
  3 rats (D:2)
  3 rat simulacra (Ossuary)
  3 spectral goblins (Ossuary)
  6 spectral kobolds (Ossuary)
  2 spectral rats (Ossuary)
  A bush (Lair:5)
  2 crawling corpses (Elf:3)
1092 creatures vanquished.

Vanquished Creatures (collateral kills)
  2 ancient liches (Depths:2)
  A caustic shrike (Depths:2)
  A deep elf blademaster (Elf:3)
  A shadow dragon (Depths:2)
  2 deep elf sorcerers
  A stone giant (Depths:3)
  A very ugly thing (Depths:3)
  2 deep elf annihilators (Elf:3)
  A deep elf demonologist (Elf:3)
  A spark wasp (Depths:2)
  2 deep elf high priests (Elf:3)
  Fannar (D:11)
  6 hydras
  2 two-headed ogres
  8 dancing weapons
  2 death yaks (Lair:6)
  5 deep elf knights
  Urug (D:12)
  A flayed ghost (Depths:2)
  2 orc knights (Orc:2)
  A deep troll (Depths:2)
  A deep elf archer (Elf:1)
  3 ugly things
  An orc sorcerer (Orc:2)
  5 deep elf magi
  A molten gargoyle (Lair:6)
  2 spiny frogs (Lair:6)
  2 rime drakes
  A troll (D:12)
  A snapping turtle (Lair:2)
  A blink frog (Lair:4)
  A vampire (D:10)
  4 yaks
  A fire elemental (Elf:3)
  A warg (Orc:2)
  A water moccasin (Lair:4)
  4 wolves
  An eye of draining (shapeshifter) (Depths:2)
  2 crocodiles
  A big kobold (D:14)
  A wight (D:11)
  A jelly (Lair:6)
  A worker ant (D:12)
  A gnoll (D:11)
  3 crawling corpses (Elf:3)
85 creatures vanquished.

Vanquished Creatures (others)
  A rime drake (IceCv)
  A spiny frog (Lair:6)
  A polar bear (IceCv)
  3 yaks (IceCv)
  An orc (D:14)
  8 fungi
  6 plants
21 creatures vanquished.

Grand Total: 1198 creatures vanquished

Notes
Turn   | Place    | Note
-------+----------+-------------------------------------------
     0 | D:1      | Kagalorn the Gargoyle Fighter began the quest for the Orb.
     0 | D:1      | Reached XP level 1. HP: 14/14 MP: 1/1
   153 | D:1      | Reached XP level 2. HP: 19/19 MP: 2/2
   390 | D:2      | Noticed Terence
   421 | D:1      | Killed Terence
   421 | D:1      | Reached XP level 3. HP: 14/23 MP: 3/3
   681 | D:2      | Reached XP level 4. HP: 28/28 MP: 4/4
  1069 | D:2      | Found a runed translucent door.
  1070 | D:2      | Noticed Crazy Yiuf
  1725 | D:3      | Reached XP level 5. HP: 32/32 MP: 5/5
  1735 | D:3      | Found an iron altar of Okawaru.
  2003 | D:4      | Noticed a slave
  2003 | D:4      | Noticed a slave
  2003 | D:4      | Noticed a slave
  2004 | D:4      | Noticed Pikel
  2046 | D:4      | Found a staircase to the Ecumenical Temple.
  2063 | D:4      | Found a sand-covered staircase.
  2094 | Temple   | Entered the Ecumenical Temple
  2178 | Temple   | Became a worshipper of the Shining One
  2216 | Ossuary  | Entered an ossuary
  2264 | Ossuary  | Reached * piety under the Shining One
  2370 | Ossuary  | Reached ** piety under the Shining One
  2427 | Ossuary  | Reached skill level 5 in Long Blades
  2475 | Ossuary  | Reached *** piety under the Shining One
  2484 | Ossuary  | Reached XP level 6. HP: 37/37 MP: 6/6
  2568 | Ossuary  | Reached **** piety under the Shining One
  2835 | D:4      | Found Tubriupo's Antique Armour Shoppe.
  2997 | D:4      | Found Unouttim's Armour Emporium.
  3020 | D:5      | Entered Level 5 of the Dungeon
  3138 | D:5      | Reached skill level 1 in Invocations
  3154 | D:5      | Noticed an ice beast
  3540 | D:4      | Found Riots's Assorted Antiques.
  3545 | D:4      | Bought a scroll labeled LUL NUPPEUNLINNIU for 24 gold
                  | pieces
  3545 | D:4      | Bought a scroll labeled TAUDOG DUSARI for 24 gold pieces
  3545 | D:4      | Bought a scroll of identify for 48 gold pieces
  3545 | D:4      | Bought a scroll labeled LEUSACZ LEIDWALL for 24 gold pieces
  3567 | D:4      | Noticed a slave
  3629 | D:3      | Killed Pikel
  3629 | D:3      | Reached XP level 7. HP: 11/41 MP: 6/9
  3629 | D:3      | Reached XP level 8. HP: 12/46 MP: 6/10
  3947 | D:5      | Noticed Eustachio
  4013 | D:5      | Killed Eustachio
  4107 | D:5      | Got a glimmering flail
  4156 | D:5      | Identified the +7 flail "Acarinebane" {venom, rC- MR++
                  | Int+4} (You found it on level 5 of the Dungeon)
  4327 | D:5      | Found a hide-covered altar of Uskayaw.
  4590 | D:2      | Killed Crazy Yiuf
  4762 | D:6      | Reached ***** piety under the Shining One
  5020 | D:6      | Reached skill level 5 in Invocations
  5307 | D:6      | Reached XP level 9. HP: 48/51 MP: 13/13
  6127 | D:7      | Found a sparkling altar of Nemelex Xobeh.
  6199 | D:7      | Reached skill level 10 in Long Blades
  8050 | D:8      | Reached XP level 10. HP: 56/56 MP: 15/15
  8224 | D:8      | Got a warped iron ring
  8260 | D:8      | Identified the ring "Herph" {Fire Int+2 Dex+4} (You found
                  | it on level 8 of the Dungeon)
  8760 | D:8      | Found a staircase to the Lair.
 11191 | D:10     | Entered Level 10 of the Dungeon
 11575 | D:10     | Reached XP level 11. HP: 60/60 MP: 18/18
 12401 | D:11     | Noticed a cyclops
 13069 | D:11     | Noticed Fannar
 13077 | D:11     | Killed Fannar
 13380 | D:11     | Killed a cyclops
 13751 | D:11     | Reached skill level 5 in Fighting
 13751 | D:11     | Reached skill level 5 in Shields
 13998 | D:11     | Reached skill level 10 in Invocations
 15076 | D:12     | Found a stormy altar of Qazlal.
 15094 | D:12     | Found Kubroc's Assorted Antiques.
 15105 | D:12     | Bought a scroll of identify for 50 gold pieces
 15105 | D:12     | Bought a scroll labeled NITORI WEUCW for 25 gold pieces
 15105 | D:12     | Bought a scroll labeled LEUSACZ LEIDWALL for 25 gold pieces
 15105 | D:12     | Bought a scroll of teleportation for 75 gold pieces
 15291 | D:12     | Reached XP level 12. HP: 65/69 MP: 19/19
 15416 | D:12     | Noticed Urug
 15448 | D:12     | Killed Urug
 16162 | D:12     | Found a staircase to the Orcish Mines.
 16828 | Lair:1   | Entered Level 1 of the Lair of Beasts
 16828 | Lair:1   | Noticed a six-headed hydra
 16838 | Lair:1   | Killed a one-headed hydra
 17840 | Lair:2   | Identified a scroll of acquirement
 18919 | Lair:2   | Reached skill level 1 in Dodging
 18951 | Lair:2   | Found a staircase to the Shoals.
 19774 | Lair:3   | Reached skill level 5 in Armour
 19774 | Lair:3   | Reached XP level 13. HP: 75/78 MP: 21/21
 20507 | Lair:3   | Identified the +5 tower shield of the Bagpipe {Str+4}
 20760 | Lair:3   | Found a hole to the Spider Nest.
 24235 | Lair:6   | Entered Level 6 of the Lair of Beasts
 24426 | Lair:6   | Gained mutation: Your large and strong wings let you fly
                  | indefinitely. [Gargoyle growth]
 24426 | Lair:6   | Reached XP level 14. HP: 37/87 MP: 18/22
 24451 | Lair:6   | Reached skill level 10 in Fighting
 24480 | Lair:6   | Found a staircase to the Slime Pits.
 24498 | Lair:6   | Found a frozen archway.
 24519 | Lair:6   | Reached skill level 15 in Long Blades
 24524 | IceCv    | Entered an ice cave
 25266 | IceCv    | Noticed a frost giant
 25288 | IceCv    | Killed a frost giant
 25373 | IceCv    | HP: 1/88 [something (6)]
 26117 | Lair:6   | Found a shimmering altar of Xom.
 27535 | Lair:6   | Reached skill level 10 in Armour
 27765 | Lair:6   | Found a large runed translucent door.
 27935 | Lair:6   | Found a large runed translucent door.
 29260 | D:13     | Reached skill level 5 in Dodging
 29260 | D:13     | Reached XP level 15. HP: 89/92 MP: 24/24
 29368 | D:13     | Found Hanti's Antique Weapon Shoppe.
 29477 | D:13     | Reached skill level 10 in Shields
 29666 | D:13     | Identified the +3 leather armour "Keacutt" {rF+ rN+} (You
                  | found it on level 13 of the Dungeon)
 30106 | D:14     | Found the +5 robe of Misfortune {*Contam Harm *Corrode
                  | *Drain *Slow EV+5}
 30175 | D:14     | Identified the +10 dire flail of the Scroll {flame, Str+5}
                  | (You found it on level 14 of the Dungeon)
 31475 | D:14     | Found a gate to the Vaults.
 32013 | D:15     | Entered Level 15 of the Dungeon
 32301 | D:15     | Found a staircase to the Depths.
 33430 | Orc:1    | Entered Level 1 of the Orcish Mines
 34178 | Orc:2    | Entered Level 2 of the Orcish Mines
 34179 | Orc:2    | Upgraded the game from 0.26-a0-40-gfe7b5d5a6f to
                  | 0.26-a0-43-g20b394cb32
 34528 | Orc:2    | Noticed Saint Roka
 34559 | Orc:2    | Killed Saint Roka
 34647 | Orc:2    | Found Usy Kueck's Jewellery Shoppe.
 35002 | Orc:2    | Reached XP level 16. HP: 94/104 MP: 25/25
 35016 | Orc:2    | Noticed Blork the orc
 35023 | Orc:2    | Killed Blork the orc
 35205 | Orc:2    | Found a roughly hewn altar of Beogh.
 35235 | Orc:2    | Found Qehaoth's Antique Weapon Emporium.
 35328 | Orc:2    | Found Melayme's Book Emporium.
 35361 | Orc:2    | Found a staircase to the Elven Halls.
 35474 | Orc:2    | Found Ciptinum's General Store.
 35480 | Orc:2    | Bought a potion of curing for 48 gold pieces
 35489 | Orc:2    | Found Xoiph's Antique Armour Emporium.
 35496 | Orc:2    | Bought a pair of buzzing boots for 256 gold pieces
 35496 | Orc:2    | Identified the +2 pair of boots of Zin's Approval {-Cast
                  | rPois Str+4} (You bought it in a shop on level 2 of the
                  | Orcish Mines)
 35821 | Elf:1    | Entered Level 1 of the Elven Halls
 36551 | Elf:1    | Found an ancient bone altar of Kikubaaqudgha.
 36987 | Elf:1    | Cast into level 2 of the Abyss (a deep elf sorcerer)
 36993 | Abyss:2  | Found a corrupted altar of Lugonu.
 37076 | Elf:1    | Escaped the Abyss
 37170 | Elf:1    | Reached skill level 15 in Fighting
 39370 | Elf:2    | Reached ****** piety under the Shining One
 39580 | Elf:2    | Found a runed translucent gate.
 39580 | Elf:2    | Found a runed translucent gate.
 39585 | Elf:2    | Found a runed translucent gate.
 39671 | Elf:2    | Found Eprico Viri's Jewellery Shoppe.
 39766 | Elf:2    | Reached XP level 17. HP: 104/113 MP: 19/26
 40321 | Elf:3    | Entered Level 3 of the Elven Halls
 40478 | Elf:3    | Reached skill level 15 in Armour
 42129 | Elf:3    | Noticed a deep elf blademaster
 42131 | Elf:3    | Noticed an Ice Fiend
 42145 | Elf:3    | Killed a deep elf blademaster
 42204 | Elf:3    | Identified the cursed +1 robe of the Iron City of Dis
                  | {rPois Int+2 Dex-5}
 42204 | Elf:3    | Noticed a deep elf master archer
 42539 | Elf:2    | Killed a deep elf master archer
 43454 | Elf:3    | Noticed a deep elf master archer
 43473 | Elf:3    | Killed a deep elf master archer
 43473 | Elf:3    | Reached skill level 10 in Dodging
 43473 | Elf:3    | Reached XP level 18. HP: 82/119 MP: 27/27
 43531 | Elf:3    | Identified the +3 war axe of Precise Incision {vorpal,
                  | Str+8 Dex-3 Stlth+}
 43933 | Elf:3    | Identified the cursed +0 war axe "Huulev" {vorpal, Str+7}
 44072 | Elf:3    | Noticed a deep elf blademaster
 44082 | Elf:3    | Killed a deep elf blademaster
 44311 | Elf:3    | Reached skill level 15 in Shields
 44489 | Elf:3    | Identified the Catalogue of Clay and Transmutation
 44700 | Elf:3    | Identified the +0 buckler of Bedevilment {rC+ Int+6 Slay-3
                  | SInv}
 45457 | Depths:1 | Entered Level 1 of the Depths
 45832 | Depths:1 | Found Muighoaff's Jewellery Shop.
 46605 | Depths:1 | Found a gateway to Hell.
 48457 | Depths:2 | Found a one-way gate to the infinite horrors of the Abyss.
 48511 | Depths:2 | Noticed a lich
 48521 | Depths:2 | Killed a lich
 48925 | Depths:2 | Reached XP level 19. HP: 118/125 MP: 29/29
 49037 | Depths:2 | Noticed a caustic shrike
 49053 | Depths:2 | Killed a caustic shrike
 49417 | Depths:2 | You are sucked into a shaft and drop 2 floors!
 49719 | Depths:2 | Noticed a tentacled monstrosity
 49787 | Depths:2 | Killed a tentacled monstrosity
 49965 | Depths:2 | Noticed a lich
 49973 | Depths:2 | Killed a lich
 50079 | Depths:2 | Reached skill level 15 in Invocations
 50375 | Depths:2 | Noticed a caustic shrike
 50466 | Depths:2 | Noticed a caustic shrike
 50480 | Depths:2 | Killed a caustic shrike
 50632 | Depths:2 | Identified the +4 tower shield of Wigehus {rPois Dex+2}
 50640 | Depths:2 | Killed a caustic shrike
 50652 | Depths:2 | Noticed an ancient lich
 50664 | Depths:2 | Killed an ancient lich
 51164 | Depths:2 | Noticed an ancient lich
 51185 | Depths:2 | Killed an ancient lich
 51189 | Depths:2 | Noticed a golden dragon
 51212 | Depths:2 | Reached XP level 20. HP: 84/134 MP: 19/32
 51218 | Depths:2 | Killed a golden dragon
 51382 | Depths:2 | Noticed an ancient lich
 51391 | Depths:2 | Killed an ancient lich
 51778 | Depths:3 | Noticed Margery
 51821 | Depths:2 | Killed Margery
 53225 | Depths:3 | Found a one-way gate leading to the halls of Pandemonium.
 53423 | Depths:3 | Noticed Aizul
 53453 | Depths:3 | Killed Aizul
 53458 | Depths:3 | Killed from afar by a fire dragon

Illustrated notes

Levels and vault maps discovered:
D:1:      dpeg_arrival_long_road, layout_rooms, minmay_pentomino_z2
D:2:      layout_basic, serial_glass, glass_columns_a, glass_columns_a,
          glass_columns_b, serial_bayou_pond_b, uniq_terence,
          uniq_crazy_yiuf_cottage
D:3:      layout_rooms, first_ration, okawaru_ov_weapons_minmay
D:4:      layout_cave_pools, minmay_temple_entry_purple_smoke, serial_shops,
          nicolae_shop_stone, shop, kennysheep_little_box,
          nicolae_ossuary_entry_false_entrances, kennysheep_generic_room_14,
          uniq_pikel
D:5:      layout_loops_ring, kennysheep_mini, minivault_11, moated_statue,
          uniq_eustachio
D:6:      layout_basic
D:7:      layout_layer_cave, nemelex_xobeh_ov_fountains_minmay
D:8:      layout_basic, lair_entry_dummy
D:9:      layout_loops_ring, evilmike_minifort
D:10:     layout_loops_ring
D:11:     layout_long_grid, uniq_fannar
D:12:     layout_long_grid, orc_0_dummy, serial_shops, shop_statue,
          grunt_qazlal_sundering, uniq_urug
D:13:     layout_long_grid, serial_shops, shop_fountains, hangedman_fish_farm
D:14:     layout_layer_cave, hangedman_vaults_entry_quadrant_bands,
          minmay_misc_feat_diagonals
D:15:     hangedman_depths_entry_try_elsewhere_first, layout_rooms,
          minmay_misc_feat_square
Temple:   dpeg_three_leaves_temple
Lair:1:   layout_concentric_octagons, grunt_megastairs_2
Lair:2:   layout_cave_pods, minmay_shoals_entry_hut
Lair:3:   layout_cellular_growth, spider_nest_entry_web_field,
          grunt_forest_large_clearings, infiniplex_staircase_pool_2
Lair:4:   layout_cave_pods
Lair:5:   layout_layer_cave, serial_bayou_ford_a, minmay_lair_oklob_items,
          grunt_megastairs_4
Lair:6:   cheibrodos_lair_end_hotspot, layout_gridlike,
          nicolae_slime_entry_slimehenge, serial_forest,
          infiniplex_forest_clump_small, infiniplex_forest_clump_tiny,
          infiniplex_forest_end_2, infiniplex_forest_lined_2,
          infiniplex_forest_lined_4_way, infiniplex_forest_end_double,
          infiniplex_forest_lined_ring, portal_ice_cave_entry_pillars_2,
          lemuel_oklob_altar
Orc:1:    layout_diamond_mine
Orc:2:    grunt_orc_cross, layout_caves, serial_shops, shop, uniq_saint_roka
Elf:1:    elf_arrival_002, layout_onion_city, basic_altar, minivault_28
Elf:2:    layout_geoelf_octagon, serial_shops, nicolae_shop_stone,
          nicolae_elf_big_sculpture_2
Elf:3:    minmay_elf_hall_curves, layout_gridlike,
          nicolae_elf_glass_and_crystal_pillar_1, minivault_4
Depths:1: layout_cave_pools, kennysheep_big_empty_room, serial_shops,
          nicolae_shop_stone, hangedman_tar_grid_catacomb, kennysheep_dice
Depths:2: hangedman_pleasuredromes, hell_entry, abyss_entry
Depths:3: regret_index_qazlal_generations, layout_basic, pan_entry,
          infiniplex_staircase_zigzag_1, grunt_metal_band, uniq_margery,
          uniq_aizul, uniq_boris
Depths:4: minmay_the_grid_square_5x5_4x4
          [minmay_the_grid_square_5x5_doubleslash,
          minmay_the_grid_square_5x5_three_small,
          minmay_the_grid_square_5x5_two_walls_b,
          minmay_the_grid_square_5x5_misaligned,
          minmay_the_grid_square_5x5_fat_x,
          minmay_the_grid_square_5x5_prize_snowflake,
          minmay_the_grid_square_5x5_prize_deathbox,
          minmay_the_grid_square_5x5_inset, minmay_the_grid_square_5x5_n_small,
          minmay_the_grid_square_5x5_prize_pseudospiral,
          minmay_the_grid_square_5x5_prize_rear_guard,
          minmay_the_grid_square_5x5_detours,
          minmay_the_grid_square_5x5_hourglass,
          minmay_the_grid_square_5x5_lines, minmay_the_grid_square_5x5_dogpile,
          minmay_the_grid_square_5x5_intrusive_squares], layout_cave_shapes,
          enter_ziggurat_f, abyss_entry_flame_altar, hellmouth_3,
          serial_sigils_hangedman_stare, pan_entry, uniq_mara

Skill      XL: |  1  2  3  4  5  6  7  8  9 10 11 12 13 14 15 16 17 18 19 20 |
---------------+-------------------------------------------------------------+-----
Long Blades    | 2 3 4 5 7 9 10 12 13 14 15 16 | 16.0
Invocations    | 3 5 7 9 10 11 12 14 16 17 | 17.2
Shields        | 6 7 8 9 10 12 14 15 | 15.0
Fighting       | 5 8 9 10 13 15 16 17 | 17.4
Armour         | 5 7 10 12 14 15 16 17 | 17.2
Dodging        | 1 3 5 6 7 10 | 10.0

Action                   |  1- 3 |  4- 6 |  7- 9 | 10-12 | 13-15 | 16-18 | 19-21 || total
-------------------------+-------+-------+-------+-------+-------+-------+-------++-------
Melee: Long sword        |   101 |   408 |   421 |   805 |       |       |       ||  1735
       Double sword      |       |       |       |   285 |  1383 |  1360 |   610 ||  3638
       War axe           |       |       |       |     6 |    24 |       |       ||    30
Throw: Javelin           |       |     3 |       |     7 |       |       |       ||    10
Invok: Summon Divine War |       |       |       |     5 |     9 |     8 |     8 ||    30
       Cleansing Flame   |       |       |       |     1 |     4 |     1 |     3 ||     9
       Divine Shield     |       |       |       |     1 |       |       |       ||     1
 Abil: Fly               |       |       |       |       |       |     1 |       ||     1
Evoke: Wand              |       |       |       |       |     1 |       |     4 ||     5
  Use: Scroll            |       |     6 |     2 |    21 |    14 |     4 |     1 ||    48
       Potion            |       |       |       |       |     2 |       |     1 ||     3
  Eat: Chunk             |       |     6 |     5 |    33 |    25 |    16 |     7 ||    92
       Ration            |       |     1 |     3 |     2 |     8 |     9 |     3 ||    26
Armor: Scale mail        |    42 |       |       |       |       |       |       ||    42
       Chain mail        |    21 |   221 |   314 |   658 |   832 |   571 |   318 ||  2935
Dodge: Dodged            |    25 |    82 |    94 |   198 |   420 |   365 |   193 ||  1377
Block: Kite shield       |    61 |   164 |   183 |   508 |   831 |   627 |   293 ||  2667
       Rpst.: Long sword |     7 |    31 |    32 |    28 |       |       |       ||    98
       Double sword      |       |       |       |    17 |   102 |    85 |    34 ||   238

Table legend:
 A = Non-vault XP
 B = Vault XP
 C = Vault XP percentage of total XP
 D = Non-vault monster count
 E = Vault monster count
 F = Vault count percentage of total count
                 A         B        C        D         E       F
            +---------+---------+-------+---------+---------+-------
      Total |  191464 |  249365 |  56.6 |     727 |     444 |  37.9
            +---------+---------+-------+---------+---------+-------
        D:1 |      22 |      41 |  65.1 |      11 |       3 |  21.4
        D:2 |      56 |      42 |  42.9 |      24 |       3 |  11.1
        D:3 |      54 |     629 |  92.1 |      16 |       1 |   5.9
        D:4 |     111 |       0 |   0.0 |       6 |       0 |   0.0
        D:5 |     392 |     220 |  35.9 |      17 |       1 |   5.6
        D:6 |    1192 |       0 |   0.0 |      33 |       0 |   0.0
        D:7 |    1350 |       0 |   0.0 |      27 |       0 |   0.0
        D:8 |    2211 |       0 |   0.0 |      34 |       0 |   0.0
        D:9 |    2163 |       0 |   0.0 |      23 |       0 |   0.0
       D:10 |    1209 |       0 |   0.0 |      15 |       0 |   0.0
       D:11 |    6833 |     575 |   7.8 |      65 |       1 |   1.5
       D:12 |    5375 |     408 |   7.1 |      39 |       1 |   2.5
       D:13 |    6932 |     301 |   4.2 |      27 |       1 |   3.6
       D:14 |   11090 |    4628 |  29.4 |      31 |      17 |  35.4
       D:15 |   17675 |    3596 |  16.9 |      24 |       4 |  14.3
     Lair:1 |    2938 |     575 |  16.4 |       9 |       5 |  35.7
     Lair:2 |    4670 |     140 |   2.9 |      23 |       1 |   4.2
     Lair:3 |    4166 |    3552 |  46.0 |      16 |      30 |  65.2
     Lair:4 |    5446 |       0 |   0.0 |      17 |       0 |   0.0
     Lair:5 |    9319 |     760 |   7.5 |      30 |       2 |   6.2
     Lair:6 |   11418 |    8282 |  42.0 |      39 |      31 |  44.3
      Orc:1 |    3308 |     577 |  14.9 |      32 |       8 |  20.0
      Orc:2 |    3558 |   13442 |  79.1 |      20 |      50 |  71.4
      Elf:1 |    8740 |   10734 |  55.1 |      15 |      14 |  48.3
      Elf:2 |   20672 |   26971 |  56.6 |      34 |      38 |  52.8
      Elf:3 |   21316 |   37142 |  63.5 |      33 |      29 |  46.8
   Depths:1 |   17099 |    9650 |  36.1 |      32 |      12 |  27.3
   Depths:2 |    5878 |  110192 |  94.9 |      11 |      86 |  88.7
   Depths:3 |   15457 |    8131 |  34.5 |      19 |       7 |  26.9
    Abyss:2 |     814 |       0 |   0.0 |       5 |       0 |   0.0
    Ossuary |       0 |     250 | 100.0 |       0 |      58 | 100.0
      IceCv |       0 |    8527 | 100.0 |       0 |      41 | 100.0
            +---------+---------+-------+---------+---------+-------
